 Dungeon Crawl Stone Soup version 0.31-a0-145-g046c7d2549 (webtiles) character file.

Game seed: 4811863068686207341

2429 wayreth the Trooper (level 9, -15/72 HPs)
             Began as a Demonspawn Berserker on June 5, 2023.
             Was an Elder of Trog.
             Killed from afar by a quicksilver dragon (25 damage)
             ... with a bolt of dispelling energy
             ... on level 1 of the Abyss.
             The game lasted 00:19:53 (4816 turns).

wayreth the Trooper (Demonspawn Berserker)          Turns: 4816, Time: 00:19:53

Health: -15/72     AC: 23    Str: 21    XL:     9   Next: 24%
Magic:  9/9        EV: 10    Int: 11    God:    Trog [****..]
Gold:   179        SH:  4    Dex: 14    Spells: 8/8 levels left

rFire   . .          .
                       - Unarmed
rCold   . . .        (no shield)
rNeg    . . .        i - +2 storm dragon scales
rPois   .            d - +1 helmet {Int+3}
rElec   +            m - +1 cloak
rCorr   .            (no gloves)
SInv    .            (boots unavailable)
Will    .....        (no amulet) Stlth
                     p - +4 ring of protection
HPRegen 0.32/turn    (no ring)
MPRegen 0.11/turn

%: no passive effects
@: no status effects
A: hooves 3, demonic guardian 1, condensation shield, demonic touch 1
a: Renounce Religion, Berserk, Trog's Hand, Brothers in Arms


You were on level 1 of the Abyss.
You worshipped Trog.
Trog was greatly pleased with you.
You visited 1 branch of the dungeon, and saw 7 of its levels.
You visited the Abyss 1 time.
You also visited: Ossuary.

You collected 300 gold pieces.
You spent 121 gold pieces at shops.

Inventory:

Armour
 d - a +1 helmet of intelligence (worn)
 i - +2 storm dragon scales (worn)
 m - a +1 cloak (worn)
Jewellery
 p - a +4 ring of protection (left hand)
Wands
 v - a wand of mindburst (12)
Scrolls
 b - a scroll of magic mapping
 c - 2 scrolls of fog
 l - 4 scrolls of identify
 n - 2 scrolls of vulnerability {unknown}
Potions
 e - 2 potions of heal wounds {unknown}
 g - 2 potions of curing
 h - a potion of mutation {unknown}
 j - a potion of ambrosia {unknown}
 k - a potion of haste {unknown}
 q - a potion of attraction {unknown}
 s - 2 potions of magic {unknown}
 t - a potion of degeneration {unknown}


   Skills:
 - Level 7.1 Fighting
 - Level 6.0 Armour
 - Level 5.1 Dodging
 * Level 6.8 Unarmed Combat


You had 8 spell levels left.
You didn't know any spells.
Your spell library was empty.

Dungeon Overview and Level Annotations

Branches:
Dungeon (7/15)             Temple (0/1) D:6         Ossuary (visited)

Altars:
Gozag
Wu Jian
Xom

Shops:
D:3 :?:   D:4 (?(=   D:6 (**   D:7 :


Innate Abilities, Weirdness & Mutations

You have hooves in place of feet.
A weak demonic guardian rushes to your aid.
A meltable shield of frost defends you. (SH +4)
Your touch may inflict minor irresistible damage on your foes.


Message History

A red very ugly thing comes into view.
A starcursed mass splits.
A chorus of shrieks assaults your mind.
* * * LOW HITPOINT WARNING * * *
A starcursed mass splits.
You feel better.
The red very ugly thing gurgles horribly!
The starcursed mass attacks as you move away!
The starcursed mass touches you but does no damage.
As you read the scroll of butterflies, it crumbles to dust.
You hear the flapping of tiny wings.
The starcursed mass is knocked back by the sudden gust.
The red very ugly thing gores your butterfly!!
Your butterfly dies!
Your butterfly disappears in a burst of colours!
You swap places.
The red very ugly thing convulses!
The starcursed mass touches your butterfly!
Your butterfly dies!
Your butterfly disappears in a burst of colours!
The starcursed mass completely misses your butterfly.
A quicksilver dragon comes into view.
The starcursed mass touches something!
The quicksilver dragon breathes dispelling energy at you.
The bolt of dispelling energy hits you!!
* * * LOW HITPOINT WARNING * * *
A demonic guardian appears!
The bolt of dispelling energy hits your butterfly!!!
Your butterfly dies!
Your butterfly disappears in a burst of colours!
The bolt of dispelling energy hits your butterfly!!
Your butterfly dies!
Your butterfly disappears in a burst of colours!
The bolt of dispelling energy misses your butterfly.
You hear a horrible gurgling sound!
The quicksilver dragon breathes dispelling energy at you.
The bolt of dispelling energy hits your butterfly!!
Your butterfly dies!
Your butterfly disappears in a burst of colours!
The bolt of dispelling energy hits you!!
You die... ## ....# b. # .#..
X#b# #...
X#b

.b. ##
bb bb#..
# .#bb.#
#.#.
##bb5b#
#bb.#..#
#..b@.#
#b..#..#
#...#
#.## .#.
#D. .
... .#.#
#. .. ..
..


You could see a quicksilver dragon (catching breath) and a friendly white imp
(summoned).

Vanquished Creatures
  Pikel (D:6)
  A steam dragon (D:7)
  A water moccasin (D:7)
  2 ice beasts
  A black bear (D:4)
  2 ogres
  A centaur (D:7)
  A phantom (D:5)
  2 elf zombies (Ossuary)
  6 scorpions
  3 wights (D:7)
  A centaur zombie (Ossuary)
  2 hounds (D:5)
  A jelly (D:6)
  An orc priest (D:5)
  A gnoll bouda (D:5)
  3 iguanas
  4 hound zombies (Ossuary)
  3 mummies (Ossuary)
  3 gnolls (D:5)
  4 adders
  An ufetubus (D:5)
  3 adder zombies (Ossuary)
  2 dart slugs (D:2)
  13 orcs
  6 ball pythons
  7 endoplasms
  A giant cockroach (D:4)
  3 gnoll zombies (Ossuary)
  5 goblins
  5 hobgoblins
  3 jackals (D:4)
  2 quokkas
  3 bats
  3 frilled lizards
  3 goblin zombies (Ossuary)
  4 hobgoblin zombies (Ossuary)
  3 jackal zombies (Ossuary)
  7 kobolds
  4 kobold zombies (Ossuary)
  2 orc zombies (Ossuary)
  2 quokka zombies (Ossuary)
  A rat (D:2)
  4 rat zombies (Ossuary)
131 creatures vanquished.

Vanquished Creatures (others)
  A lurking horror (Abyss:1)
1 creature vanquished.

Grand Total: 132 creatures vanquished

Notes
Turn   | Place    | Note
-------+----------+-------------------------------------------
     0 | D:1      | wayreth the Demonspawn Berserker began the quest for the
                  | Orb.
     0 | D:1      | Reached XP level 1. HP: 18/18 MP: 1/1
   279 | D:1      | Discovered your monstrous ancestry.
   279 | D:1      | Gained mutation: Your touch may inflict minor irresistible
                  | damage on your foes. [demonic ancestry]
   279 | D:1      | Reached XP level 2. HP: 24/24 MP: 2/2
   846 | D:2      | Reached skill level 4 in Fighting
   864 | D:2      | Reached ** piety under Trog
  1000 | D:2      | Found a faded altar of an unknown god.
  1022 | D:2      | Gained mutation: A meltable shield of frost defends you.
                  | (SH +4) [demonic ancestry]
  1022 | D:2      | Reached XP level 3. HP: 30/30 MP: 3/3
  1372 | D:3      | Found Voczed's Book Shop.
  1553 | D:3      | Found Xuproene's Magic Scroll Emporium.
  1556 | D:3      | Bought a scroll of enchant armour for 82 gold pieces
  1598 | D:3      | Reached skill level 5 in Fighting
  1598 | D:3      | Gained mutation: You have large cloven feet. [demonic
                  | ancestry]
  1598 | D:3      | Reached XP level 4. HP: 24/39 MP: 4/4
  1885 | D:3      | Found an opulent altar of Gozag.
  1892 | D:3      | Found a faded altar of an unknown god.
  1894 | D:3      | Found a faded altar of an unknown god.
  1896 | D:3      | Found a shimmering altar of Xom.
  1947 | D:3      | Found Xaroiqir's Book Shoppe.
  2162 | D:4      | Found Nual's Weapon Emporium.
  2171 | D:4      | Found Dyrecky's Jewellery Boutique.
  2216 | D:4      | Noticed a black bear
  2228 | D:4      | Killed a black bear
  2229 | D:4      | Reached skill level 6 in Fighting
  2229 | D:4      | Reached XP level 5. HP: 46/46 MP: 5/5
  2261 | D:4      | Found Asmu's Weapon Boutique.
  2346 | D:4      | Noticed an ogre
  2356 | D:4      | Killed an ogre
  2357 | D:4      | Gained mutation: A weak demonic guardian rushes to your
                  | aid. [demonic ancestry]
  2357 | D:4      | Reached XP level 6. HP: 53/53 MP: 6/6
  2463 | D:4      | Found Ololetwiw's Magic Scroll Shop.
  2468 | D:4      | Bought a scroll of noise for 13 gold pieces
  2468 | D:4      | Bought a scroll of identify for 26 gold pieces
  2793 | D:5      | Entered Level 5 of the Dungeon
  2807 | D:5      | Reached skill level 7 in Fighting
  2828 | D:5      | Reached *** piety under Trog
  2871 | D:5      | Noticed an ice beast
  2882 | D:5      | Killed an ice beast
  2962 | D:5      | Gained mutation: You have hoof-like feet. [demonic
                  | ancestry]
  2962 | D:5      | Reached XP level 7. HP: 60/60 MP: 7/7
  3125 | D:5      | Reached skill level 5 in Dodging
  3274 | D:5      | Found a sand-covered staircase.
  3283 | Ossuary  | Entered an ossuary
  3445 | Ossuary  | Reached **** piety under Trog
  3496 | Ossuary  | Gained mutation: You have hooves in place of feet. [demonic
                  | ancestry]
  3496 | Ossuary  | Reached XP level 8. HP: 66/67 MP: 8/8
  3714 | D:5      | Found an ornate altar of the Wu Jian Council.
  3741 | D:6      | Reached skill level 5 in Armour
  3952 | D:6      | Found Ymua's General Store.
  3953 | D:6      | Found Qiaj's Antique Weapon Emporium.
  3954 | D:6      | Found Joaqanyh's Assorted Antiques.
  4066 | D:6      | Noticed Pikel
  4080 | D:6      | Killed Pikel
  4081 | D:6      | Reached skill level 5 in Unarmed Combat
  4117 | D:6      | Found a staircase to the Ecumenical Temple.
  4411 | D:6      | Reached XP level 9. HP: 67/72 MP: 9/9
  4679 | D:7      | Found Iramit's Self-Improvement Boutique.
  4702 | Abyss:1  | Cast into level 1 of the Abyss (wight)
  4712 | Abyss:1  | Noticed a cyan ugly thing
  4730 | Abyss:1  | Noticed a smoke demon
  4736 | Abyss:1  | Noticed a starcursed mass
  4757 | Abyss:1  | Noticed a smoke demon
  4786 | Abyss:1  | Found a corrupted altar of Lugonu.
  4786 | Abyss:1  | Found a corrupted altar of Lugonu.
  4786 | Abyss:1  | Found a corrupted altar of Lugonu.
  4797 | Abyss:1  | Noticed a starcursed mass
  4803 | Abyss:1  | Noticed a red very ugly thing
  4815 | Abyss:1  | Noticed a quicksilver dragon
  4816 | Abyss:1  | Killed from afar by a quicksilver dragon

Illustrated notes

Levels and vault maps discovered:
D:1:      minmay_arrival_checkered_box, layout_loops_ring
D:2:      layout_loops_cross, shapermc_ecumenical_altar_notcrosses,
          serial_bayou_pond_c, chequers_serial_rivers_room_a
D:3:      layout_basic, chequers_temple_overflow_minitemple, serial_shops,
          nicolae_shop_real_fake_doors, nicolae_book_shop_shelving,
          nicolae_square_shop, hangedman_decor_points
D:4:      layout_basic, serial_shops, nicolae_square_shop,
          nicolae_shop_statue_plus, nicolae_shop_hallway_plus,
          nicolae_take_the_stairs, hangedman_abyss_or_decor_lesser_grid,
          nicolae_figureground_pulse
D:5:      layout_rooms, nicolae_wu_jian_glorious_leap,
          nicolae_ossuary_entry_monument
D:6:      layout_loops_ring, minmay_temple_entry_tees,
          nicolae_shop_distant_corner_stores, uniq_pikel
D:7:      layout_loops_ring, nicolae_tso_besieged_by_evil,
          nicolae_shop_self_help
Abyss:1:  base: D:7, hangedman_steaming_rock

Skill      XL: |  1  2  3  4  5  6  7  8  9 |
---------------+----------------------------+-----
Fighting       | 4 5 6 7 |  7.1
Dodging        | 4 5 |  5.1
Armour         | 3 6 |  6.0
Unarmed Combat | 5 6 |  6.8

Action                     |  1- 3 |  4- 6 |  7- 9 || total
---------------------------+-------+-------+-------++-------
  Melee: Unarmed           |    97 |    91 |   251 ||   439
         Punch             |     1 |     2 |     6 ||     9
         Touch             |    15 |    15 |    53 ||    83
         Kick              |       |    16 |    97 ||   113
 Invoke: Berserk           |     1 |     2 |     1 ||     4
    Use: Scroll            |     1 |     2 |     8 ||    11
         Potion            |       |     1 |     2 ||     3
   Stab: Sleeping          |     3 |       |       ||     3
 Armour: Animal skin       |     4 |       |       ||     4
         Storm dragon scal |    35 |    47 |   145 ||   227
  Dodge: Dodged            |    42 |    40 |    96 ||   178
  Block: Other             |     2 |    16 |    30 ||    48

Table legend: (Time is in decaauts)
 A = Elapsed time spent in this place.
 B = Non-inter-level travel time spent in this place.
 C = Inter-level travel time spent in this place.
 D = Time resting spent in this place.
 E = Time spent auto-exploring this place.
 F = Levels seen in this place.
 G = Mean time per level.
                   A        B        C        D        E       F      G
               +--------+--------+--------+--------+--------+-----+--------+
         Total |   4826 |   4652 |    174 |    142 |   3385 |   9 |  536.2 |
       Dungeon |   4408 |   4234 |    174 |    142 |   3261 |   7 |  629.7 |
         Abyss |    124 |    124 |      0 |      0 |      0 |   1 |  124.0 |
       Ossuary |    293 |    293 |      0 |      0 |    124 |   1 |  293.0 |
               +--------+--------+--------+--------+--------+-----+--------+

Top non-repeatable levels by time:
     D:6: 858 daAuts
     D:4: 830 daAuts
     D:1: 732 daAuts
     D:3: 641 daAuts
     D:5: 631 daAuts
     D:2: 609 daAuts
 Ossuary: 293 daAuts
 Abyss:1: 124 daAuts
     D:7: 105 daAuts
